 Dungeon Crawl Stone Soup version 0.29-a0-283-ga02f740833 (webtiles) character file.

Game seed: 16737480065059431196

6 mdonais the Sneak (level 1, -5/16 HPs)
             Began as an Octopode Delver on Mar 14, 2022.
             Slain by a scorpion (7 damage)
             ... on level 4 of the Dungeon.
             The game lasted 00:01:41 (146 turns).

mdonais the Sneak (Octopode Delver)                  Turns: 146, Time: 00:01:42

Health: -5/16      AC:  1    Str: 11    XL:     1   Next: 90%
Magic:  1/1        EV: 13    Int: 12    God:
Gold:   52         SH:  0    Dex: 13    Spells: 0/0 levels left

rFire   . . .      SeeInvis .   a - +0 short sword
rCold   . . .      Faith    .   (no shield)
rNeg    . . .      Spirit   .   (helmet restricted)
rPois   .          Reflect  .   (no amulet)
rElec   .          Harm     .   (no ring)
rCorr   .          Rampage  .   (no ring)
Will    .....                   (no ring)
Stlth   ++++......              (no ring)
HPRegen 0.05/turn               (no ring)
MPRegen 0.07/turn               (no ring)
                                (no ring)
                                (no ring)

@: no status effects
A: almost no armour, amphibious, 8 rings, camouflage 1, gelatinous body 1,
(nimble swimmer 1), tentacles
a: no special abilities


You were on level 4 of the Dungeon.
You visited 1 branch of the dungeon, and saw 2 of its levels.

You collected 52 gold pieces.

Inventory:

Hand Weapons
 a - a +0 short sword (weapon)
Missiles
 f - 19 stones (quivered)
Wands
 D - a wand of digging (3)
Scrolls
 b - 2 scrolls of fog
 d - a scroll of fear
 e - a scroll of amnesia {unknown}
 M - a scroll of magic mapping
Potions
 c - a potion of degeneration {unknown}
 H - a potion of haste


   Skills:
 + Level 3.2 Fighting
 + Level 2.3 Short Blades
 - Level 2.0 Dodging
 - Level 6.6 Stealth


You couldn't memorise any spells.
You didn't know any spells.
Your spell library was empty.

Dungeon Overview and Level Annotations

Branches:
Dungeon (5/15)
 Temple: D:4-7

Altars:


Innate Abilities, Weirdness & Mutations

You cannot wear most types of armour.
You are amphibious.
You can wear up to eight rings at the same time.
Your skin changes colour to match your surroundings (Stealth+).
Your rubbery body absorbs attacks. (AC +1, EV +1)
((You are camouflaged when in or above water. (Stealth+)))
You have tentacles for arms and can constrict up to eight enemies at once.


Message History

Welcome, mdonais the Octopode Delver.
Below lies the Orb of Zot, rumoured to be powerful enough to resurrect a god...
Press ? for a list of commands and other information.
Found an emerald potion, a scroll labelled ANGA BUIDIGRUI and 41 gold pieces.
c - an emerald potion
e - a scroll labelled ANGA BUIDIGRUI You now have 16 gold pieces.
You now have 22 gold pieces (gained 6).
You now have 41 gold pieces (gained 19).
Found 19 stones.
f - 19 stones
Found a scroll of fog.
Found a hand axe.
b - 2 scrolls of fog (gained 1)
You see here a +0 hand axe.
A hound comes into view.
The hound moves out of view.
You see here a +0 hand axe.
A jackal comes into view.
The jackal barks!
A jackal comes into view.
The jackal moves out of view.
Found 11 gold pieces.
The jackal barely misses you.
You hit the jackal.
You kill the jackal!
You closely miss the jackal. You grab the jackal. You constrict the jackal.
The jackal misses you. x2
You hit the jackal.
You kill the jackal!
You see here a jackal corpse.
You see here a jackal corpse.
You now have 52 gold pieces (gained 11).
An adder comes into view.
There is a stone staircase leading up here.
You climb upwards.
There is a stone staircase leading down here.
The worm bites you.
You take 6 damage, and have 10/16 hp.
MASSIVE DAMAGE!!
You hit the worm. You grab the worm.
The worm is moderately wounded.
You constrict the worm. You hit the worm. You squeeze the worm.
The worm is heavily wounded.
You constrict the worm. The worm misses you.
You hit the scorpion. Your grab misses the scorpion.
The scorpion is lightly wounded.
You constrict the worm. The scorpion stings you. The worm barely misses you.
The scorpion barely misses you.
You take 2 damage, and have 9/16 hp.
You hit the scorpion. You grab the scorpion.
The scorpion is moderately wounded.
You constrict the worm.
You constrict the scorpion, but do no damage.
The scorpion stings you.
* * * LOW HITPOINT WARNING * * *
You take 5 damage, and have 4/16 hp.
MASSIVE DAMAGE!!
You hit the scorpion.
You squeeze the scorpion, but do no damage.
The scorpion is moderately wounded.
You constrict the worm. You constrict the scorpion. The scorpion stings you.
* * * LOW HITPOINT WARNING * * *
The worm barely misses you.
You take 2 damage, and have 2/16 hp.
You hit the scorpion.
The scorpion is heavily wounded.
You constrict the worm.
You constrict the scorpion, but do no damage.
The scorpion barely misses you.
You hit the scorpion.
The scorpion is severely wounded.
You constrict the worm.
You kill the worm!
You constrict the scorpion. The scorpion misses you.
You hit the scorpion but do no damage.
The scorpion is almost dead.
You constrict the scorpion, but do no damage.
The scorpion barely misses you. The scorpion stings you!
You die...

#...# #...#
#...# #...#
#####...##
.........#
#∩.......#
#.....s@†#
#........##
.........>#
##.#.####.#
#... ..#
#.. ...# ##
###.# #.#
#.#


You could see a scorpion.

Vanquished Creatures
  A worm (D:4)
  2 jackals (D:5)
3 creatures vanquished.

Notes
Turn   | Place    | Note
-------+----------+-------------------------------------------
     0 | D:5      | mdonais the Octopode Delver began the quest for the Orb.
     0 | D:5      | Reached XP level 1. HP: 16/16 MP: 1/1
    56 | D:5      | Noticed a hound
   136 | D:4      | Noticed a scorpion
   146 | D:4      | Slain by a scorpion

Illustrated notes

Levels and vault maps discovered:
D:4:      layout_basic, abandoned_shop, minmay_manual_mess
D:5:      layout_loops_ring

Action                   || total
-------------------------++-------
Melee: Short sword       ||    11
       Constrict         ||     3
       Tentacles         ||     2
Dodge: Dodged            ||    10

Table legend: (Time is in decaauts)
 A = Elapsed time spent in this place.
 B = Non-inter-level travel time spent in this place.
 C = Inter-level travel time spent in this place.
 D = Time resting spent in this place.
 E = Time spent auto-exploring this place.
 F = Levels seen in this place.
 G = Mean time per level.
                   A        B        C        D        E       F      G
               +--------+--------+--------+--------+--------+-----+--------+
         Total |    145 |    145 |      0 |      0 |      0 |   2 |   72.5 |
       Dungeon |    145 |    145 |      0 |      0 |      0 |   2 |   72.5 |
               +--------+--------+--------+--------+--------+-----+--------+

Top non-repeatable levels by time:
     D:5: 136 daAuts
     D:4: 9 daAuts
